 Dungeon Crawl Stone Soup version 0.25-a0-513-ge77a692 (webtiles) character file.

Game seed: 14729088121605234004, levelgen mode: deterministic

58 relicbr the Bolt Thrower (level 4, 0/26 HPs)
             Began as a Kobold Hunter on Feb 15, 2020.
             Slain by an orc
             ... wielding a +0 flail
              (6 damage)
             ... on level 2 of the Dungeon.
             The game lasted 00:02:31 (2046 turns).

relicbr the Bolt Thrower (Kobold Hunter)            Turns: 2046, Time: 00:02:31

Health: 0/26       AC:  3    Str:  9    XL:     4   Next: 20%
Magic:  4/4        EV: 14    Int: 12    God:
Gold:   126        SH:  0    Dex: 16    Spells: 3/3 levels left

rFire    . . .     SeeInvis .   b - +0 short sword
rCold    . . .     Gourm    .   (shield restricted)
rNeg     . . .     Faith    .   c - +0 leather armour
rPois    .         Spirit   .   (no helmet)
rElec    .         Reflect  .   (no cloak)
rCorr    .         Harm     .   (no gloves)
MR       .....                  (no boots)
Stlth    +++.......             (no amulet)
HPRegen  0.08/turn              p - ring of stealth
MPRegen  0.09/turn              (no ring)

@: no status effects
A: small, carnivore
a: no special abilities


You were on level 2 of the Dungeon.
You were not hungry.

You visited 1 branch of the dungeon, and saw 3 of its levels.

You collected 126 gold pieces.

Inventory:

Hand Weapons
 a - a +1 hand crossbow
 b - a +0 short sword (weapon)
Missiles
 d - 16 bolts
 i - 16 poisoned darts (quivered)
Armour
 c - a +0 leather armour (worn)
Jewellery
 p - a ring of stealth (left hand)
Scrolls
 j - a scroll of remove curse {unknown}
 k - 2 scrolls of identify {unknown}
 l - a scroll of teleportation {unknown}
 m - 2 scrolls of enchant armour {unknown}
 o - a scroll of fear {unknown}
 q - a scroll of blinking {unknown}
Potions
 e - 3 potions of curing {unknown}
 g - a potion of magic {unknown}
 h - a potion of haste {unknown}
 n - a potion of lignification {unknown}
Comestibles
 f - 5 rations


   Skills:
 - Level 2.1 Fighting
 * Level 6.6 Crossbows
 - Level 2.4 Dodging
 - Level 1.3 Stealth


You had 3 spell levels left.
You didn't know any spells.
Your spell library was empty.

Dungeon Overview and Level Annotations

Branches:
Dungeon (3/15)

Altars:


Innate Abilities, Weirdness & Mutations

You are small and have problems with some larger weapons.
You are carnivorous and can eat meat at any time.


Message History

The rat bites you. The orc hits you with a +0 flail!
You barely miss the orc.
The orc is heavily wounded.
The rat completely misses you. The orc barely misses you.
The rat closely misses you.
You climb upwards.
There is a stone staircase leading down here.
You barely miss the orc.
The orc is heavily wounded.
The rat completely misses you. The orc hits you with a +0 flail!
* * * LOW HITPOINT WARNING * * *
You are too injured to fight recklessly!
You closely miss the orc.
The orc is heavily wounded.
The rat barely misses you. The orc closely misses you. The rat bites you.
* * * LOW HITPOINT WARNING * * *
You hit the orc.
The orc is heavily wounded.
The orc hits you with a +0 flail.
You die...

# #
###############
####(..(.........#
.....###########.#
###### #.# #.# #r#
#@# #o# #.#
#############.# #
#.............#
####.#############
.....# ###..#
###..#


You could see an orc and a rat.

Vanquished Creatures
  2 adders (D:2)
  3 worms (D:2)
  A dart slug (D:1)
  3 leopard geckos
  A giant cockroach (D:2)
  6 goblins (D:1)
  4 hobgoblins
  A kobold (D:2)
  2 bats (D:1)
  2 frilled lizards
  A rat (D:2)
26 creatures vanquished.

Notes
Turn   | Place    | Note
-------+----------+-------------------------------------------
     0 | D:1      | relicbr the Kobold Hunter began the quest for the Orb.
     0 | D:1      | Reached XP level 1. HP: 12/12 MP: 1/1
    32 | D:1      | Reached skill level 5 in Crossbows
   146 | D:1      | Reached XP level 2. HP: 12/17 MP: 2/2
   789 | D:1      | Reached XP level 3. HP: 21/21 MP: 3/3
   877 | D:2      | Reached skill level 6 in Crossbows
  1472 | D:2      | Reached XP level 4. HP: 24/26 MP: 4/4
  2046 | D:2      | Slain by an orc

Levels and vault maps discovered:
D:1:      sevenhm_arrival_forest_fort_large_4, layout_basic
D:2:      layout_loops_ring
D:3:      layout_basic, nicolae_gozag_seed_capital

Skill      XL: |  1  2  3 |
---------------+----------+-----
Crossbows      | 5 6 |  6.6
Fighting       | |  2.1
Dodging        | |  2.4
Stealth        | |  1.3

Action                   |  1- 3 |  4- 6 || total
-------------------------+-------+-------++-------
Melee: Short sword       |    78 |    28 ||   106
 Fire: Hand crossbow     |    11 |       ||    11
Throw: Dart              |    31 |    14 ||    45
 Stab: Sleeping          |     1 |       ||     1
  Eat: Chunk             |     2 |     2 ||     4
Armor: Leather armour    |    22 |     3 ||    25
Dodge: Dodged            |    60 |    21 ||    81

Table legend:
 A = Non-vault XP
 B = Vault XP
 C = Vault XP percentage of total XP
 D = Non-vault monster count
 E = Vault monster count
 F = Vault count percentage of total count
                 A         B        C        D         E       F
            +---------+---------+-------+---------+---------+-------
      Total |      83 |       0 |   0.0 |      26 |       0 |   0.0
            +---------+---------+-------+---------+---------+-------
        D:1 |      31 |       0 |   0.0 |      15 |       0 |   0.0
        D:2 |      52 |       0 |   0.0 |      11 |       0 |   0.0
            +---------+---------+-------+---------+---------+-------
